 Dungeon Crawl Stone Soup version 0.27-a0-1006-g1fd4cec11e (webtiles) character file.

Game seed: 5048792822586880729

98 siradein the Slasher (level 4, 0/34 (35) HPs)
             Began as a Demonspawn Fighter on Apr 17, 2021.
             Slain by Crazy Yiuf
             ... wielding a +3 quarterstaff of chaos
              (1 damage)
             ... on level 2 of the Dungeon.
             The game lasted 00:03:42 (2233 turns).

siradein the Slasher (Demonspawn Fighter)           Turns: 2233, Time: 00:03:43

HP:   0/34 (35)     AC: 10    Str: 16    XL:     4   Next: 44%
MP:   4/4           EV:  4    Int: 10    God:
Gold: 55            SH:  8    Dex: 13    Spells: 3/3 levels left

rFire    . . .     SeeInvis .   a - +0 long sword
rCold    . . .     Faith    .   c - +0 kite shield
rNeg     . . .     Spirit   .   i - +0 chain mail
rPois    .         Reflect  .   (no helmet)
rElec    .         Harm     .   (no cloak)
rCorr    .         Rampage  .   b - +0 pair of gloves
Will     .....                  (no boots)
Stlth    ..........             (no amulet)
HPRegen  0.11/turn              (no ring)
MPRegen  0.09/turn              (no ring)

@: lightly drained
A: demonic magic 1
a: no special abilities


You were on level 2 of the Dungeon.
You visited 1 branch of the dungeon, and saw 2 of its levels.

You collected 55 gold pieces.

Inventory:

Hand Weapons
 a - a +0 long sword (weapon)
Missiles
 h - 10 poisoned darts (quivered)
Armour
 b - a +0 pair of gloves (worn)
 c - a +0 kite shield (worn)
 i - a +0 chain mail (worn)
Jewellery
 j - a ring of flight
Scrolls
 e - 3 scrolls of identify {unknown}
 f - a scroll of brand weapon {unknown}
 l - 3 scrolls of enchant armour {unknown}
Potions
 d - a potion of might
 g - 3 potions of curing {unknown}
 k - a potion of attraction {unknown}
 m - a potion of haste {unknown}


   Skills:
 - Level 3.0 Fighting
 + Level 4.3 Long Blades
 - Level 2.6 Armour
 - Level 2.6 Shields


You had 3 spell levels left.
You didn't know any spells.
Your spell library was empty.

Dungeon Overview and Level Annotations

Branches:
Dungeon (2/15)

Altars:

Annotations:
D:2 Crazy Yiuf


Innate Abilities, Weirdness & Mutations

Spells you cast may paralyse adjacent enemies.


Message History

A nearby fungus withers and dies.
Found four maces.
Found a runed translucent door.
You see here a +0 mace.
Crazy Yiuf shouts!
Crazy Yiuf screams, "Trifle tired meccalolo!"
You see here a +0 mace.
You see here a +0 mace.
Found two maces.
You see here a +0 mace.
Could not explore, unopened runed door.
Could not explore, unopened runed door.
Could not explore, unopened runed door.
Crazy Yiuf says, "Snoogle!"
You see here a +0 mace.
You see here a +0 mace.
You open the door. You hit Crazy Yiuf.
Crazy Yiuf is moderately wounded.
You block Crazy Yiuf's attack.
You see here a +0 mace.
You closely miss Crazy Yiuf.
Crazy Yiuf is moderately wounded.
You block Crazy Yiuf's attack.
Crazy Yiuf hits you with a +3 quarterstaff of chaos!
You see here a +0 mace.
You closely miss Crazy Yiuf.
Crazy Yiuf is moderately wounded.
Crazy Yiuf laughs, "Prologue disdain sizzlefizz!"
Crazy Yiuf hits you with a +3 quarterstaff of chaos.
Crazy Yiuf freezes you.
Crazy Yiuf hits you with a +3 quarterstaff of chaos!
* * * LOW HITPOINT WARNING * * *
You feel drained.
* * * LOW HITPOINT WARNING * * *
You see here a +0 mace.
Crazy Yiuf cries, "Trifle!
You foot action."
Crazy Yiuf hits you with a +3 quarterstaff of chaos.
* * * LOW HITPOINT WARNING * * *
Crazy Yiuf burns you.
You die...

#.........########
#.......>.#......#
#.........#......#
#.........#......# #
#####..####......# ###
#...####..#### ..#
#.#.).##..## #.#
#.###.##...### ### ###
#..#.#@..##
##...g....##
###.>.....#
♣♣###.........# .#♣♣
♣♣.....#.......#
.')♣♣♣♣.P...........##
.#♣))♣..P...##.......#
♣♣♣)♣.P..###.......#
♣♣♣♣♣### #.......#


You could see Crazy Yiuf.

Vanquished Creatures
  Jessica (D:2)
  3 adders (D:2)
  2 endoplasms
  4 goblins
  4 hobgoblins
  10 jackals
  A quokka (D:1)
  4 ball pythons
  2 bats
  6 frilled lizards (D:1)
  4 kobolds
  3 rats
44 creatures vanquished.

Vanquished Creatures (others)
  2 fungi (D:2)
2 creatures vanquished.

Grand Total: 46 creatures vanquished

Notes
Turn   | Place    | Note
-------+----------+-------------------------------------------
     0 | D:1      | siradein the Demonspawn Fighter began the quest for the
                  | Orb.
     0 | D:1      | Reached XP level 1. HP: 18/18 MP: 1/1
   147 | D:1      | Reached skill level 2 in Long Blades
   351 | D:1      | Gained mutation: Spells you cast may paralyse adjacent
                  | enemies. [demonic ancestry]
   351 | D:1      | Reached XP level 2. HP: 24/24 MP: 2/2
   724 | D:1      | Reached skill level 3 in Long Blades
  1020 | D:1      | Found a faded altar of an unknown god.
  1034 | D:1      | Reached XP level 3. HP: 29/29 MP: 3/3
  1708 | D:2      | Noticed Jessica
  1713 | D:2      | Killed Jessica
  1714 | D:2      | Reached skill level 4 in Long Blades
  1714 | D:2      | Reached XP level 4. HP: 33/35 MP: 4/4
  2208 | D:2      | Found a runed translucent door.
  2209 | D:2      | Noticed Crazy Yiuf
  2220 | D:2      | HP: 1/34 [Crazy Yiuf/+3 quarterstaff of chaos (6)]
  2233 | D:2      | HP: 1/34 [Crazy Yiuf/+3 quarterstaff of chaos (1)]
  2233 | D:2      | Slain by Crazy Yiuf

Illustrated notes

Levels and vault maps discovered:
D:1:      dpeg_arrival_water_fire, layout_loops_ring, basic_ecumenical_altar,
          serial_bayou_pond_c, chequers_garden
D:2:      layout_rooms, uniq_crazy_yiuf_cottage, uniq_jessica

Skill      XL: |  1  2  3 |
---------------+----------+-----
Long Blades    | 2 3 4 |  4.3
Fighting       | |  3.0
Armour         | |  2.6
Shields        | |  2.6

Action                   |  1- 3 |  4- 6 || total
-------------------------+-------+-------++-------
Melee: Long sword        |   129 |    32 ||   161
Armor: Scale mail        |    37 |       ||    37
       Chain mail        |    48 |    17 ||    65
Dodge: Dodged            |    36 |     2 ||    38
Block: Kite shield       |    62 |    19 ||    81
       Rpst.: Long sword |     7 |     2 ||     9

Table legend: (Time is in decaauts)
 A = Elapsed time spent in this place.
 B = Non-inter-level travel time spent in this place.
 C = Inter-level travel time spent in this place.
 D = Time resting spent in this place.
 E = Time spent auto-exploring this place.
 F = Levels seen in this place.
 G = Mean time per level.
                   A        B        C        D        E       F      G
               +--------+--------+--------+--------+--------+-----+--------+
         Total |   2319 |   2291 |     28 |    262 |   1583 |   2 | 1159.5 |
       Dungeon |   2319 |   2291 |     28 |    262 |   1583 |   2 | 1159.5 |
               +--------+--------+--------+--------+--------+-----+--------+

Top non-repeatable levels by time:
     D:1: 1594 daAuts
     D:2: 724 daAuts
